[Event "Early-Titled-Tuesday-Blitz-January-23-2024"]
[Site "Chess.com"]
[Date "2024.01.23"]
[Round "2"]
[White "Chernov_Mikhail"]
[Black "tsaruk_maks"]
[Result "0-1"]
[WhiteElo "2403"]
[BlackElo "2759"]
[TimeControl "180+1"]
[EndTime "8:13:43 PST"]
[Termination "tsaruk_maks won by resignation"]

1. e4 e6 2. d3 d5 3. Nd2 g6 4. Ngf3 Bg7 5. g3 c5 6. Bg2 Ne7 7. O-O Nbc6 8. Re1 O-O 9. e5 Qc7 10. Qe2 b5 11. h4 h6 12. Nf1 a5 13. N1h2 b4 14. Ng4 Nf5 15. Bf4 Ba6 16. Nf6+ Kh8 17. h5 g5 18. Nxg5 hxg5 19. Bxg5 Nfd4 20. Qg4 Nxe5 21.
Qh3 Nef3+ 22. Bxf3 Nxf3+ 23. Kg2 Nxg5 0-1

[Event "Early-Titled-Tuesday-Blitz-January-23-2024"]
[Site "Chess.com"]
[Date "2024.01.23"]
[Round "2"]
[White "RaneshRatnesan"]
[Black "Perecke"]
[Result "0-1"]
[WhiteElo "2331"]
[BlackElo "2551"]
[TimeControl "180+1"]
[EndTime "8:13:52 PST"]
[Termination "Perecke won by checkmate"]

1. d4 Nf6 2. c4 e6 3. Nc3 d5 4. Bf4 Be7 5. e3 O-O 6. Nf3 c6 7. h3 Nbd7 8. c5 a5 9. a3 b6 10.
b4 Ba6 11. Bxa6 Rxa6 12. Qd3 Qa8 13. b5 cxb5 14. Nxb5 Qb7 15. cxb6 Rxb6 16. a4 Bb4+ 17. Ke2 Rc6 18. Rhc1 Rfc8 19. Kd1 Ne4 20. Qe2 Nb6 21. Ne5 Rxc1+ 22. Rxc1 Rxc1+ 23. Kxc1 Nxa4 24. f3 Nac3 25. Nxc3 Ba3+ 26. Kc2 Qb2+ 27. Kd3 Qxc3# 0-1

[Event "Early-Titled-Tuesday-Blitz-January-23-2024"]
[Site "Chess.com"]
[Date "2024.01.23"]
[Round "2"]
[White "Hovik_Hayrapetyan"]
[Black "GiftedThing"]
[Result "1-0"]
[WhiteElo "2838"]
[BlackElo "2460"]
[TimeControl "180+1"]
[EndTime "8:13:58 PST"]
[Termination "Hovik_Hayrapetyan won by resignation"]

1. d4 Nf6 2. c4 e6 3. Nc3 d5 4.
Nf3 Be7 5. Bf4 O-O 6. e3 b6 7.
cxd5 Nxd5 8. Nxd5 Qxd5 9. Bd3 c5 10. Qc2 cxd4 11. Bxh7+ Kh8 12. Be4 Qa5+ 13. Nd2 Nd7 14. O-O Ba6 15. Nb3 Qh5 16. Bxa8 Bxf1 17. Bf3 1-0

[Event "Early-Titled-Tuesday-Blitz-January-23-2024"]
[Site "Chess.com"]
[Date "2024.01.23"]
[Round "2"]
[White "djano"]
[Black "tolia123"]
[Result "1-0"]
[WhiteElo "2662"]
[BlackElo "2086"]
[TimeControl "180+1"]
[EndTime "8:14:00 PST"]
[Termination "djano won by checkmate"]

1. e4 c5 2. Nc3 g6 3. Bc4 Bg7 4.
h4 h5 5. Qf3 e6 6. d4 cxd4 7.
Nb5 d6 8. Bf4 e5 9. Bxe5 Nf6 10.
Bxd6 a6 11. Nc7+ Kd7 12. e5 Ra7 13. Bxf7 Nc6 14. Be6# 1-0

[Event "Early-Titled-Tuesday-Blitz-January-23-2024"]
[Site "Chess.com"]
[Date "2024.01.23"]
[Round "2"]
[White "nekotyanof"]
[Black "Msb2"]
[Result "1/2-1/2"]
[WhiteElo "2646"]
[BlackElo "3055"]
[TimeControl "180+1"]
[EndTime "8:14:01 PST"]
[Termination "Game drawn by repetition"]

1. e4 e6 2. d4 d5 3. Nd2 c5 4. exd5 Qxd5 5. Ngf3 cxd4 6. Bc4 Qd6 7. O-O Nf6 8. Re1 Nc6 9. Ne4 Nxe4 10. Rxe4 Be7 11.
Nxd4 e5 12. Bf4 exf4 13. Nxc6 Qxd1+ 14. Rxd1 bxc6 15. Rde1 Kf8 16. Rxe7 Be6 17. R1xe6 fxe6 18. Rc7 h5 19. h4 Rh6 20. Rxc6 e5 21. Rc7 Rf6 22.
f3 a5 23. Bd5 Rd8 24. c4 Rfd6 25. Rf7+ Kg8 26. Ra7+ Rxd5 27. cxd5 Rxd5 28. a3 Kh7 29. b4 axb4 30. axb4 Rd1+ 31. Kh2 Rb1 32. Re7 Re1 33. b5 Kg6 34. b6 Kf6 35. b7 Rb1 36. Rc7 g6 37.
Rh7 Ke6 38. Rg7 Kf6 39. Rh7 Rb2 40. Kg1 Ke6 41. Rg7 Kf5 42. Rf7+ Ke6 43. Rg7 Kf6 44. Rh7 Ke6 45. Rg7 1/2-1/2

[Event "Early-Titled-Tuesday-Blitz-January-23-2024"]
[Site "Chess.com"]
[Date "2024.01.23"]
[Round "2"]
[White "GameOverBro"]
[Black "BardArtem"]
[Result "0-1"]
[WhiteElo "2552"]
[BlackElo "2819"]
[TimeControl "180+1"]
[EndTime "8:14:07 PST"]
[Termination "BardArtem won by resignation"]

1. e4 c5 2. Ne2 d6 3. g3 Nf6 4. Bg2 Nc6 5. c3 Bg4 6. h3 Bxe2 7. Qxe2 g6 8. d3 Bg7 9. O-O O-O 10. f4 Nd7 11. Be3 Qc7 12. Nd2 b5 13. g4 b4 14.
Rac1 bxc3 15. bxc3 Rab8 16. Nc4 Nb6 17. Nxb6 Rxb6 18.
d4 cxd4 19. cxd4 Nxd4 20. Qd2 Rc6 21. e5 Rxc1 22. Rxc1 Qxc1+ 23. Qxc1 Ne2+ 24. Kf2 Nxc1 25. exd6 Nxa2 26. dxe7 Re8 27. Bc5 Bf6 28. Bc6 Bxe7 0-1

[Event "Early-Titled-Tuesday-Blitz-January-23-2024"]
[Site "Chess.com"]
[Date "2024.01.23"]
[Round "2"]
[White "chessS1r"]
[Black "dhammiko"]
[Result "1-0"]
[WhiteElo "2461"]
[BlackElo "2157"]
[TimeControl "180+1"]
[EndTime "8:14:29 PST"]
[Termination "chessS1r won by resignation"]

1. d4 d5 2. c4 c6 3. Nf3 Nf6 4. Nc3 e6 5. g3 Nbd7 6. Qd3 b6 7. Bg2 Bb7 8. O-O Rc8 9. e4 dxe4 10. Nxe4 Nxe4 11.
Qxe4 Nf6 12. Qc2 c5 13. d5 exd5 14. Re1+ Be7 15. Nh4 O-O 16. Nf5 Re8 17. Bg5 Bf8 18. Rxe8 Qxe8 19. Bxf6 gxf6 20. Bxd5 Bxd5 21. cxd5 Qe5 22.
Rd1 c4 23. Ne3 b5 24. h4 Bc5 25. Qe2 Bd4 26. Qg4+ Kh8 27. Qxd4 1-0

[Event "Early-Titled-Tuesday-Blitz-January-23-2024"]
[Site "Chess.com"]
[Date "2024.01.23"]
[Round "2"]
[White "sergeikim"]
[Black "ClaudiaSof"]
[Result "1-0"]
[WhiteElo "2515"]
[BlackElo "2267"]
[TimeControl "180+1"]
[EndTime "8:14:32 PST"]
[Termination "sergeikim won by resignation"]

1. d4 Nf6 2. c4 c5 3. d5 e6 4. Nc3 exd5 5. cxd5 d6 6. e4 g6 7. Nge2 Bg7 8. Ng3 h5 9. Be2 h4 10. Nf1 Nbd7 11. Bg5 h3 12. g4 O-O 13. Ng3 Re8 14. f3 a6 15. a4 Qc7 16. O-O c4 17. Kh1 Rb8 18. Qd2 b5 19. axb5 axb5 20.
Rac1 Nc5 21. Qf4 Nfd7 22. Nf5 gxf5 23. gxf5 Ne5 24. Rg1 f6 25. Bxf6 1-0

[Event "Early-Titled-Tuesday-Blitz-January-23-2024"]
[Site "Chess.com"]
[Date "2024.01.23"]
[Round "2"]
[White "LeoWin2012"]
[Black "Practical-Play"]
[Result "0-1"]
[WhiteElo "2197"]
[BlackElo "2487"]
[TimeControl "180+1"]
[EndTime "8:14:32 PST"]
[Termination "Practical-Play won by resignation"]

1. e4 c5 2. Nf3 Nf6 3. Nc3 e6 4. d4 cxd4 5. Nxd4 Nc6 6. g3 Bb4 7. Bg2 O-O 8. O-O Bxc3 9. bxc3 d5 10. exd5 Nxd5 11. Nxc6 bxc6 12. Bb2 Rb8 13. Rb1 Qf6 14. Qd4 Qxd4 15. cxd4 Ba6 16. Rfe1 Bc4 17. a3 Ba2 18. Bxd5 cxd5 19. c3 Bxb1 20. Rxb1 Rb7 0-1

[Event "Early-Titled-Tuesday-Blitz-January-23-2024"]
[Site "Chess.com"]
[Date "2024.01.23"]
[Round "2"]
[White "kibromNNN"]
[Black "Shahdad2007"]
[Result "0-1"]
[WhiteElo "1647"]
[BlackElo "2431"]
[TimeControl "180+1"]
[EndTime "8:14:36 PST"]
[Termination "Shahdad2007 won by resignation"]

1. d4 Nf6 2. c4 c6 3. Nc3 d5 4. Nf3 dxc4 5. e4 b5 6. e5 Nd5 7. Nd2 e6 8. Nde4 Be7 9. Be2 O-O 10. O-O Bb7 11. f4 Nd7 12. f5 exf5 13. Rxf5 b4 14.
Na4 c5 15. Naxc5 Nxc5 16. Nxc5 Bxc5 17. dxc5 c3 18. Bc4 cxb2 19. Bxb2 Ne3 20. Qxd8 Raxd8 21. Rf4 Rd2 22. e6 Rxg2+ 23. Kh1 Rg3+ 0-1

[Event "Early-Titled-Tuesday-Blitz-January-23-2024"]
[Site "Chess.com"]
[Date "2024.01.23"]
[Round "2"]
[White "DefiantChair"]
[Black "I_am_Javi"]
[Result "0-1"]
[WhiteElo "2539"]
[BlackElo "2784"]
[TimeControl "180+1"]
[EndTime "8:14:38 PST"]
[Termination "I_am_Javi won by resignation"]

1. e4 e5 2. Nf3 Nc6 3. Bb5 f5 4. d3 fxe4 5. dxe4 Nf6 6. Nc3 Bb4 7. O-O Bxc3 8. bxc3 d6 9. h3 O-O 10. Bc4+ Kh8 11.
Re1 Qe8 12. Bg5 Nh5 13. Nh4 Nf4 14. Bxf4 Rxf4 15. g3 Rf6 16. Bf1 Qf7 17. Qe2 g5 18. Nf5 Bxf5 19. exf5 Rxf5 20. Rab1 Rf8 21. Rxb7 Rxf2 22. Qc4 d5 23. Qd3 Rf3 24. Qe2 Rf2 25. Qd3 e4 26. Qa6 Rxc2 0-1

[Event "Early-Titled-Tuesday-Blitz-January-23-2024"]
[Site "Chess.com"]
[Date "2024.01.23"]
[Round "2"]
[White "platy3"]
[Black "KChor05"]
[Result "1-0"]
[WhiteElo "2862"]
[BlackElo "2569"]
[TimeControl "180+1"]
[EndTime "8:14:39 PST"]
[Termination "platy3 won by resignation"]

1. e4 c5 2. Nf3 g6 3. d4 cxd4 4.
Nxd4 Bg7 5. c4 Nc6 6. Be3 Nf6 7. Nc3 O-O 8. Be2 d6 9. O-O Bd7 10. h3 Rc8 11. Rc1 Nxd4 12. Bxd4 Bc6 13. Qd3 a5 14. b3 Nd7 15. Bxg7 Kxg7 16. f4 Nc5 17. Qe3 e6 18. Kh2 Qe7 19. Rcd1 Rcd8 20. Rd2 Rd7 21.
Rfd1 Rfd8 22. Bf3 e5 23. Bg4 exf4 24. Qd4+ Kg8 25. Bxd7 Rxd7 26. Rf2 Ne6 27. Qd2 Qg5 28.
Nd5 Bxd5 29. exd5 Nc5 30. Qxf4 1-0

[Event "Early-Titled-Tuesday-Blitz-January-23-2024"]
[Site "Chess.com"]
[Date "2024.01.23"]
[Round "2"]
[White "Binary010"]
[Black "SCIM"]
[Result "1-0"]
[WhiteElo "2888"]
[BlackElo "2586"]
[TimeControl "180+1"]
[EndTime "8:14:40 PST"]
[Termination "Binary010 won by resignation"]

1. e4 e5 2. Nf3 Nc6 3. Bc4 Bc5 4. c3 Nf6 5. d4 exd4 6. b4 Bb6 7. e5 d5 8. exf6 dxc4 9. Qe2+ Be6 10. b5 d3 11.
Qe4 Qxf6 12. bxc6 O-O-O 13. cxb7+ Kb8 14. Bg5 d2+ 15. Kd1 Bd5 16. Bxf6 Bxe4 17. Bxd8 Rxd8 18. Nbxd2 Bxf2 19. Ke2 1-0

[Event "Early-Titled-Tuesday-Blitz-January-23-2024"]
[Site "Chess.com"]
[Date "2024.01.23"]
[Round "2"]
[White "pirulillo"]
[Black "Chesstrainer1"]
[Result "0-1"]
[WhiteElo "2278"]
[BlackElo "2516"]
[TimeControl "180+1"]
[EndTime "8:14:43 PST"]
[Termination "Chesstrainer1 won by resignation"]

1. e4 c5 2. Nf3 a6 3. d3 g6 4. g3 Bg7 5. Bg2 b5 6. O-O Bb7 7. Re1 d6 8. c3 e5 9. d4 Nd7 10. a4 Ngf6 11. Nbd2 O-O 12. Qe2 Qb6 13. d5 c4 14. a5 Qc7 15. Rf1 Nc5 16. Ne1 Rae8 17. Nc2 Nfd7 18. Nb4 f5 19. f3 Na4 20. Nxc4 Nxc3 21.
bxc3 bxc4 22. Nc6 Bxc6 23. Qxc4 Qa7+ 24. Kh1 Bb5 0-1

[Event "Early-Titled-Tuesday-Blitz-January-23-2024"]
[Site "Chess.com"]
[Date "2024.01.23"]
[Round "2"]
[White "Alen_Yeremyann"]
[Black "ahkashefi2800"]
[Result "0-1"]
[WhiteElo "2797"]
[BlackElo "2568"]
[TimeControl "180+1"]
[EndTime "8:14:48 PST"]
[Termination "ahkashefi2800 won by resignation"]

1. d4 d5 2. c4 c6 3. Nc3 Nf6 4. cxd5 cxd5 5. Nf3 Nc6 6. g3 Bf5 7. Bg2 e6 8. O-O Be7 9. Nh4 Bg6 10. Nxg6 hxg6 11. h3 Rc8 12. Bf4 Qb6 13. Rc1 Qxd4 14. Qb3 Qb4 15. Qxb4 Bxb4 16. a3 Be7 17. Nb5 O-O 18.
Nd6 Bxd6 19. Bxd6 Rfd8 20. Bf4 Nd4 21. Rce1 Rc2 22. e3 Ne2+ 23. Kh2 Nxf4 24. gxf4 Rxb2 25. Rb1 Rxb1 26. Rxb1 Rb8 27. Rc1 b5 28. f3 a5 29.
Kg3 b4 30. axb4 axb4 31. e4 b3 32. e5 b2 33. Rb1 Nh5+ 0-1

[Event "Early-Titled-Tuesday-Blitz-January-23-2024"]
[Site "Chess.com"]
[Date "2024.01.23"]
[Round "2"]
[White "leepday"]
[Black "Jesseinkman"]
[Result "0-1"]
[WhiteElo "2150"]
[BlackElo "2459"]
[TimeControl "180+1"]
[EndTime "8:14:48 PST"]
[Termination "Jesseinkman won by resignation"]

1. e4 e5 2. Nf3 Nc6 3. d4 exd4 4. Bc4 Bc5 5. Ng5 Nh6 6. Nxf7 Nxf7 7. Bxf7+ Kxf7 8. Qh5+ g6 9. Qxc5 d5 10. Qxd5+ Qxd5 11. exd5 Nb4 12. Na3 Nxd5 13. O-O c5 14. Nc4 Bf5 15. Re1 Bxc2 16. Nd6+ Kg7 17. Nxb7 c4 18. Re5 Rhe8 19. Rxe8 Rxe8 20. Bg5 Rb8 21.
Nd6 Bd3 22. Re1 Rxb2 23. Ne8+ Kg8 24. Nd6 Re2 25. Rd1 Nc3 26. Ra1 Rxa2 27. Rxa2 Nxa2 28.
Bf6 c3 29. Bxd4 c2 30. Bb2 c1=Q+ 31. Bxc1 Nxc1 32. f3 a5 33. Kf2 a4 34. Nb7 a3 35.
Nc5 a2 0-1

[Event "Early-Titled-Tuesday-Blitz-January-23-2024"]
[Site "Chess.com"]
[Date "2024.01.23"]
[Round "2"]
[White "Saraisitave"]
[Black "Barmen_EV"]
[Result "1-0"]
[WhiteElo "2373"]
[BlackElo "2520"]
[TimeControl "180+1"]
[EndTime "8:14:53 PST"]
[Termination "Saraisitave won by resignation"]

1. e4 c5 2. Nf3 Nc6 3. Nc3 e5 4. Bc4 Bd6 5. d3 Nge7 6. Ng5 Rf8 7. Nxh7 Rh8 8. Ng5 Rf8 9. Qh5 g6 10. Qh7 Qa5 11. Nxf7 Bc7 12. O-O d5 13. Nxd5 Nxd5 14. Bxd5 Bd7 15. Qxg6 Ne7 16. Nd6+ Kd8 17. Nxb7+ Kc8 18.
Nxa5 Nxg6 19. Bxa8 Bxa5 20. Bd5 Bd8 21. c3 Nh4 22. f4 Rg8 23. Bxg8 1-0

[Event "Early-Titled-Tuesday-Blitz-January-23-2024"]
[Site "Chess.com"]
[Date "2024.01.23"]
[Round "2"]
[White "Heinza9"]
[Black "viktorgen2021"]
[Result "0-1"]
[WhiteElo "2311"]
[BlackElo "2531"]
[TimeControl "180+1"]
[EndTime "8:15:00 PST"]
[Termination "viktorgen2021 won by resignation"]

1. e4 g6 2. d4 Bg7 3. Nc3 d6 4. Be2 Nf6 5. g4 e5 6. Be3 Nc6 7. g5 exd4 8. Bxd4 Nxd4 9. Qxd4 Nh5 10. Qd2 Be6 11. Bxh5 gxh5 12. Nf3 Bg4 13. Nd4 h6 14. h4 Qd7 15. f3 Be6 16. O-O-O O-O-O 17. Nd5 Bxd5 18. exd5 Rde8 19. f4 Re4 20. Rhg1 Rxd4 21. Qa5 Ra4 0-1

[Event "Early-Titled-Tuesday-Blitz-January-23-2024"]
[Site "Chess.com"]
[Date "2024.01.23"]
[Round "2"]
[White "Ati1517"]
[Black "Predo63"]
[Result "1/2-1/2"]
[WhiteElo "2238"]
[BlackElo "2487"]
[TimeControl "180+1"]
[EndTime "8:15:10 PST"]
[Termination "Game drawn by repetition"]

1. e4 c6 2. d4 d5 3. Nc3 dxe4 4. Nxe4 Bf5 5. Ng3 Bg6 6. f4 e6 7. Nf3 Ne7 8. c3 Nf5 9. Bd3 Nxg3 10. hxg3 Bxd3 11.
Qxd3 h6 12. Ne5 Nd7 13. Be3 Nf6 14. O-O-O Bd6 15. Rde1 Qa5 16. Kb1 Bxe5 17. fxe5 Nd5 18. Bd2 Nb6 19. Ref1 Rf8 20. Qh7 Nc4 21. Bc1 Qb5 22.
Rf2 O-O-O 23. Qxg7 a5 24. Rxf7 Rxf7 25. Qxf7 Na3+ 26. Ka1 Nc2+ 27. Kb1 Qd3 28. a4 Nb4+ 29. Ka1 Nc2+ 30. Kb1 Nb4+ 31. Ka1 Nc2+ 32. Kb1 1/2-1/2

[Event "Early-Titled-Tuesday-Blitz-January-23-2024"]
[Site "Chess.com"]
[Date "2024.01.23"]
[Round "2"]
[White "Balla_Tamas"]
[Black "Valy02chess"]
[Result "1-0"]
[WhiteElo "2453"]
[BlackElo "2144"]
[TimeControl "180+1"]
[EndTime "8:15:10 PST"]
[Termination "Balla_Tamas won by resignation"]

1. e4 d6 2. d4 Nf6 3. Nc3 e5 4.
dxe5 dxe5 5. Qxd8+ Kxd8 6. Bg5 c6 7. O-O-O+ Nd7 8. Bc4 Bc5 9. f4 Be3+ 10. Kb1 Bxf4 11.
Bxf4 exf4 12. Bxf7 Ke7 13. Bb3 Nc5 14. Nge2 Bg4 15.
Rdf1 Bxe2 16. Nxe2 Nfxe4 17. Re1 g5 18. Nc3 1-0

[Event "Early-Titled-Tuesday-Blitz-January-23-2024"]
[Site "Chess.com"]
[Date "2024.01.23"]
[Round "2"]
[White "Shivananda1964"]
[Black "SirStrateg"]
[Result "0-1"]
[WhiteElo "2355"]
[BlackElo "2624"]
[TimeControl "180+1"]
[EndTime "8:15:12 PST"]
[Termination "SirStrateg won by checkmate"]

1. e4 Nf6 2. e5 Nd5 3. c4 Nb6 4. c5 Nd5 5. Bc4 e6 6. d4 b6 7. cxb6 axb6 8. Nf3 Ba6 9. b3 Bb4+ 10. Bd2 Bxd2+ 11.
Nbxd2 Bxc4 12. bxc4 Ne7 13. O-O O-O 14. Qc2 Nbc6 15.
Ne4 h6 16. Rad1 Ra5 17. Rfe1 Qa8 18. Re2 Rd8 19. h4 b5 20. Nf6+ gxf6 21. exf6 bxc4 22. fxe7 Nxe7 23. Ne5 f6 24. Ng6 Nf5 25. g4 Kf7 26.
gxf5 Rxf5 27. h5 Rg5+ 28. Kf1 Qh1# 0-1

[Event "Early-Titled-Tuesday-Blitz-January-23-2024"]
[Site "Chess.com"]
[Date "2024.01.23"]
[Round "2"]
[White "Iunusovnuriddin"]
[Black "Manukyan_Artak"]
[Result "0-1"]
[WhiteElo "2264"]
[BlackElo "2511"]
[TimeControl "180+1"]
[EndTime "8:15:16 PST"]
[Termination "Manukyan_Artak won by resignation"]

1. e4 c6 2. Nc3 d5 3. Nf3 dxe4 4. Nxe4 Nf6 5. Qe2 Nxe4 6. Qxe4 Qd5 7. Qh4 Qe6+ 8. Be2 Qg4 9. Qxg4 Bxg4 10. d4 e6 11. O-O Nd7 12. h3 Bh5 13. c4 Bd6 14. b3 O-O 15. Bb2 Rfd8 16. Rfe1 a5 17. a3 c5 18. Rad1 cxd4 19. Nxd4 Bxe2 20. Rxe2 Nc5 21. Red2 Be7 22. Bc3 Ne4 23. Rd3 Nxc3 24. Rxc3 e5 0-1

[Event "Early-Titled-Tuesday-Blitz-January-23-2024"]
[Site "Chess.com"]
[Date "2024.01.23"]
[Round "2"]
[White "Duhless"]
[Black "M1711"]
[Result "1-0"]
[WhiteElo "3133"]
[BlackElo "2651"]
[TimeControl "180+1"]
[EndTime "8:15:17 PST"]
[Termination "Duhless won on time"]

1. d4 d5 2. Nf3 Nf6 3. Bf4 Bf5 4. c4 e6 5. Qb3 dxc4 6. Qxb7 Be4 7. Qxc7 Qxc7 8.
Bxc7 Bb4+ 9. Nbd2 Nc6 10. e3 c3 11. bxc3 Bxc3 12. Rd1 Nd5 13. Bg3 Ndb4 14. Bb5 Ke7 15. Ke2 Bd5 16. a3 Na2 17. e4 Bxd2 18. Kxd2 Bxe4 19.
Bc4 Bxf3 20. gxf3 Nxd4 21. Bxa2 1-0

[Event "Early-Titled-Tuesday-Blitz-January-23-2024"]
[Site "Chess.com"]
[Date "2024.01.23"]
[Round "2"]
[White "Rgoltsman"]
[Black "Grindaveci"]
[Result "0-1"]
[WhiteElo "2264"]
[BlackElo "2513"]
[TimeControl "180+1"]
[EndTime "8:15:19 PST"]
[Termination "Grindaveci won by checkmate"]

1. b3 e5 2. Bb2 Nc6 3. e3 Nf6 4. Bb5 Bd6 5. Ne2 O-O 6. O-O Re8 7. d4 exd4 8. exd4 Bxh2+ 9. Kxh2 Ng4+ 10. Kg3 Qg5 11.
f4 Qh5 12. Ng1 Re3+ 13. Nf3 Qh2+ 14. Kxg4 h5+ 15. Kg5 f6+ 16. Kg6 Ne7# 0-1

[Event "Early-Titled-Tuesday-Blitz-January-23-2024"]
[Site "Chess.com"]
[Date "2024.01.23"]
[Round "2"]
[White "amintabatabaei"]
[Black "crazy_but_lazy"]
[Result "1-0"]
[WhiteElo "3027"]
[BlackElo "2632"]
[TimeControl "180+1"]
[EndTime "8:15:22 PST"]
[Termination "amintabatabaei won by resignation"]

1. d4 d5 2. Nf3 Nf6 3. Bg5 e6 4. e3 Bd6 5. Nbd2 O-O 6. Bd3 b6 7. e4 dxe4 8. Nxe4 Be7 9. Qe2 Bb7 10. Bxf6 Bxf6 11. O-O-O Nd7 12. h4 Qe7 13. g4 g6 14.
h5 Bg7 15. hxg6 hxg6 16. Qe3 Nf6 17. Ne5 Rad8 18. Qh3 Rfe8 19. Ng5 Bxh1 20. Rxh1 Rxd4 21. Ngxf7 Rxg4 22. Nxg4 Qxf7 23. Ne5 Qe7 24. Bxg6 Rd8 25. Bh7+ 1-0

[Event "Early-Titled-Tuesday-Blitz-January-23-2024"]
[Site "Chess.com"]
[Date "2024.01.23"]
[Round "2"]
[White "GMWSO"]
[Black "MKlose11"]
[Result "1-0"]
[WhiteElo "3086"]
[BlackElo "2641"]
[TimeControl "180+1"]
[EndTime "8:15:24 PST"]
[Termination "GMWSO won by resignation"]

1. b3 Nf6 2. Bb2 g6 3. c4 Bg7 4. Nf3 c5 5. g3 Nc6 6. Bg2 d6 7. d4 cxd4 8. Nxd4 Bd7 9. O-O O-O 10. Nc3 Qa5 11. e3 Rfe8 12. Re1 Qh5 13. Nde2 Bh3 14.
Bh1 Bg4 15. Qd2 g5 16. f4 h6 17. Nd5 Qg6 18. Nc7 Ne4 19. Bxe4 Qxe4 20. Bxg7 Kxg7 21. Nxa8 Rxa8 22. Nc3 Qg6 23. Nd5 e6 24. Nc3 Rd8 25.
Rac1 h5 26. Qc2 Bf5 27. e4 Bg4 28. f5 exf5 29. exf5 Bxf5 30. Qf2 Be6 31. Rcd1 Ne5 32. Rxe5 dxe5 33. Rxd8 h4 34. gxh4 gxh4+ 35. Qg2 Bg4 36. h3 Bxh3 37. Qxg6+ Kxg6 38. Rb8 f5 39. Rxb7 f4 40.
Rxa7 e4 41. Nxe4 1-0

[Event "Early-Titled-Tuesday-Blitz-January-23-2024"]
[Site "Chess.com"]
[Date "2024.01.23"]
[Round "2"]
[White "luckyswitchback"]
[Black "toninhojit"]
[Result "1/2-1/2"]
[WhiteElo "2709"]
[BlackElo "2430"]
[TimeControl "180+1"]
[EndTime "8:15:25 PST"]
[Termination "Game drawn by agreement"]

1. e4 e5 2. Nf3 Nc6 3. Bb5 Nf6 4. O-O Nxe4 5. Re1 Nd6 6. Nxe5 Be7 7. Bf1 Nxe5 8. Rxe5 O-O 9. d4 Bf6 10. Re1 Re8 11.
Nc3 Rxe1 12. Qxe1 Nf5 13. Nd5 Kf8 14. c3 d6 15. Nxf6 Qxf6 16. Qe4 c6 17. Bf4 d5 18.
Qe5 Qxe5 19. Bxe5 f6 20. Bf4 Kf7 21. f3 Bd7 22. Re1 Re8 23. Rxe8 Kxe8 24. g4 Ne7 25. h4 Kf7 26. Bd3 h5 27. Be2 hxg4 28. fxg4 f5 29. g5 g6 30. a4 Ke6 31. Kf2 Be8 32. Bb8 Nc8 33. Kg3 a6 34. Kf4 Nb6 35. Bd1 Nc4 36. b3 Nd2 37. Bc2 Ne4 38. Bxe4 fxe4 1/2-1/2

[Event "Early-Titled-Tuesday-Blitz-January-23-2024"]
[Site "Chess.com"]
[Date "2024.01.23"]
[Round "2"]
[White "suspiciumchess"]
[Black "SharapovEvgeny"]
[Result "1-0"]
[WhiteElo "2341"]
[BlackElo "2515"]
[TimeControl "180+1"]
[EndTime "8:15:28 PST"]
[Termination "suspiciumchess won by resignation"]

1. d4 Nf6 2. c4 e6 3. g3 Bb4+ 4.
Bd2 Qe7 5. Bg2 O-O 6. Nf3 a5 7. O-O d6 8. Nc3 e5 9. dxe5 dxe5 10. Nd5 Nxd5 11. cxd5 Nd7 12. Bxb4 axb4 13. Qc2 Nc5 14. Rfc1 b6 15. Nd2 Ra7 16. Nb3 Nxb3 17. axb3 Rxa1 18. Rxa1 Bg4 19. Ra7 Rc8 20. f3 Bh5 21. Bh3 Bg6 22. Qc4 Rd8 23. Rxc7 Qd6 24. Rc6 Qb8 25. Qxb4 Rxd5 26.
Rc8+ 1-0

[Event "Early-Titled-Tuesday-Blitz-January-23-2024"]
[Site "Chess.com"]
[Date "2024.01.23"]
[Round "2"]
[White "maciek_92"]
[Black "GulenayAydin"]
[Result "1-0"]
[WhiteElo "2827"]
[BlackElo "2555"]
[TimeControl "180+1"]
[EndTime "8:15:29 PST"]
[Termination "maciek_92 won by resignation"]

1. c4 Nf6 2. Nc3 g6 3. d4 Bg7 4. e4 d6 5. h3 O-O 6. Be3 c5 7.
d5 e6 8. Nf3 exd5 9. exd5 Re8 10.
Bd3 Nbd7 11. O-O a6 12. Qd2 Nf8 13. Bf4 Nh5 14. Bh2 Rb8 15. Ne4 Rxe4 16. Bxe4 b5 17. cxb5 Rxb5 18. Rab1 Qf6 19. b3 Rb4 20. Rfe1 Rxe4 21.
Rxe4 Bf5 22. Rbe1 Bxe4 23. Rxe4 Qa1+ 24. Re1 Qf6 25. Qg5 Qb2 26. Bxd6 Nf6 27. Be5 1-0

[Event "Early-Titled-Tuesday-Blitz-January-23-2024"]
[Site "Chess.com"]
[Date "2024.01.23"]
[Round "2"]
[White "Korchmar_Vasiliy"]
[Black "Juicy_Fork"]
[Result "1-0"]
[WhiteElo "2719"]
[BlackElo "2418"]
[TimeControl "180+1"]
[EndTime "8:15:29 PST"]
[Termination "Korchmar_Vasiliy won by resignation"]

1. e4 e5 2. Nf3 Nc6 3. Bc4 Nf6 4. d3 Bc5 5. c3 d6 6. Bg5 h6 7.
Bh4 g5 8. Bg3 Bg4 9. Nbd2 Qd7 10.
O-O O-O-O 11. b4 Bb6 12. a4 a5 13. Bb5 h5 14. h4 Bxf3 15. Qxf3 Ng4 16. Nc4 axb4 17.
a5 Bc5 18. a6 Kb8 19. axb7 bxc3 20. Rfb1 Ba7 21. Qd1 c2 22. Qxc2 gxh4 23. Rxa7 Kxa7 24.
Qa4+ 1-0

[Event "Early-Titled-Tuesday-Blitz-January-23-2024"]
[Site "Chess.com"]
[Date "2024.01.23"]
[Round "2"]
[White "Mistango"]
[Black "Sofia_Blokhin"]
[Result "1-0"]
[WhiteElo "2527"]
[BlackElo "2306"]
[TimeControl "180+1"]
[EndTime "8:15:30 PST"]
[Termination "Mistango won by checkmate"]

1. e4 c5 2. Nf3 e6 3. d4 cxd4 4. Nxd4 a6 5. Bd3 Nf6 6. O-O Qc7 7. Qe2 Bd6 8. f4 Bc5 9. Be3 Qb6 10. c3 Nc6 11. Kh1 Nxd4 12. cxd4 Bxd4 13. Bxd4 Qxd4 14.
Nc3 d6 15. Rad1 Qc5 16. e5 Nd5 17. Ne4 Qe3 18. Nxd6+ Ke7 19. Qg4 g6 20. Be4 h6 21.
Bxd5 exd5 22. Qh4+ g5 23. fxg5 Be6 24. gxh6+ Kd7 25.
Nxf7 Rhf8 26. Ng5 Qe2 27. Rg1 Rf2 28. Rde1 Qd2 29. Nf3 Qxb2 30. Rb1 Qxa2 31. Rxb7+ Kc6 32. Qe7 Rf8 33. Qc7# 1-0

[Event "Early-Titled-Tuesday-Blitz-January-23-2024"]
[Site "Chess.com"]
[Date "2024.01.23"]
[Round "2"]
[White "zurzan"]
[Black "Egorov_Pavel"]
[Result "0-1"]
[WhiteElo "2014"]
[BlackElo "2447"]
[TimeControl "180+1"]
[EndTime "8:15:31 PST"]
[Termination "Egorov_Pavel won by resignation"]

1. c4 Nf6 2. g3 g6 3. Bg2 Bg7 4. Nc3 O-O 5. Nf3 d5 6. cxd5 Nxd5 7. O-O Nc6 8. e4 Ndb4 9. a3 Nd3 10. Qe2 Bg4 11. h3 Nd4 12. Qd1 Nxf3+ 13. Bxf3 Bxh3 14. Bg2 Bxg2 15. Kxg2 f5 16. exf5 Rxf5 17. Qe2 Qd7 18. Nd1 Raf8 19. f4 Rh5 20. Nf2 Nxf2 21. Rxf2 Qh3+ 22. Kf3 e5 23. d3 exf4 24. Bxf4 Rxf4+ 25. Kxf4 Bh6+ 26. Ke4 Qe6+ 27. Kd4 Bg7+ 0-1

[Event "Early-Titled-Tuesday-Blitz-January-23-2024"]
[Site "Chess.com"]
[Date "2024.01.23"]
[Round "2"]
[White "GP9isback23"]
[Black "Anton_Demchenko"]
[Result "0-1"]
[WhiteElo "2608"]
[BlackElo "2946"]
[TimeControl "180+1"]
[EndTime "8:15:34 PST"]
[Termination "Anton_Demchenko won by resignation"]

1. d4 g6 2. Nf3 Bg7 3. e3 d6 4. Be2 Nd7 5. O-O e5 6. c4 Ngf6 7. Nc3 O-O 8. b3 Re8 9. Bb2 c6 10. Rc1 e4 11. Nd2 Nf8 12. b4 h5 13.
a4 a5 14. b5 c5 15. Nb3 Qe7 16. b6 Ra6 17. Ba3 Ne6 18. Nd5 Qf8 19. dxc5 dxc5 20. Nc7 Rxb6 21. Nxe6 Rexe6 22. Bxc5 Qe8 23. Bxb6 Rxb6 24.
Nd4 Bd7 25. Nb5 Rc6 26. Qb3 Qe5 27. Rfd1 Be6 28. Qc3 Qb8 29. c5 Ng4 0-1